Map: Winter's Gate LE

Players

Andy - Winner!

  • Race: Terran Terran
  • League: Platinum
  • Spawn Location: 5:00

pHARM

  • Race: Zerg Zerg
  • League: Platinum
  • Spawn Location: 11:00

VOD

Have the link to the VOD?

Description

Time

  • Played on: Aug. 25, 2019, 6:31 a.m.
  • Length: 30:52
Show
View Real Time Build Order
Export as new Build Order

Andy Terran - Winner!

Build Orders: Reaper Expand 

Get SALT Encoding   

  12  0:01  SCV  
  13  0:13  SCV  
  14  0:25  SCV, Supply Depot  
  15  0:42  Supply Depot  
  15  0:47  SCV  
  15  0:49  Barracks  
  16  0:56  Refinery  
  16  0:59  SCV  
  17  1:11  SCV  
  18  1:23  SCV  
  19  1:43  Command Center  
  19  1:44  Reaper  
  20  1:48  SCV  
  21  1:55  Supply Depot  
  21  2:13  SCV  
  22  2:21  Factory  
  22  2:25  Engineering Bay  
  22  2:27  Refinery  
  22  2:35  SCV  
  23  3:09  Planetary Fortress  
  23  3:12  SCV  
  24  3:19  Factory Tech Lab  
  24  3:24  SCV  
  25  3:36  SCV  
  26  3:45  Starport  
  26  3:50  SCV x2  
  28  4:03  Command Center, SCV  
  29  4:11  SCV  
  29  4:15  SCV  
  31  4:20  Siege Tank  
  31  4:23  SCV  
  35  4:27  SCV  
  36  4:33  Command Center  
  36  4:35  SCV  
  37  4:39  SCV  
  38  4:48  SCV  
  39  4:59  Fusion Core  
  39  5:04  SCV x2  
  40  5:16  SCV  
  40  5:18  Command Center, SCV x2  
  43  5:25  Refinery  
  43  5:28  SCV  
  43  5:30  SCV x2  
  46  5:36  Command Center  
  46  5:40  SCV  
  46  5:41  Missile Turret  
  46  5:42  SCV  
  48  5:54  Battlecruiser  
  54  5:59  Missile Turret  
  54  6:00  SCV x3  
  57  6:06  Refinery  
  57  6:20  SCV  
  57  6:21  SCV x2  
  57  6:22  Planetary Fortress  
  60  6:29  Missile Turret  
  60  6:33  SCV x3  
  63  6:41  Refinery  
  63  6:45  SCV x3  
  66  6:52  Missile Turret  
  66  6:54  Missile Turret  
  66  6:56  Hi-Sec Auto Tracking  
  66  6:57  SCV x3  
  66  7:00  SCV  
  66  7:01  Missile Turret  
  70  7:09  SCV x3  
  70  7:12  SCV  
  74  7:18  Refinery  
  74  7:20  Missile Turret  
  74  7:21  SCV x3  
  77  7:24  SCV  
  78  7:33  SCV x3  
  78  7:34  Command Center  
  78  7:36  SCV  
  82  7:40  Factory Tech Lab  
  82  7:45  Command Center, SCV  
  83  7:55  SCV x2  
  83  7:56  Planetary Fortress  
  83  7:57  SCV  
  87  7:59  Planetary Fortress  
  87  8:01  Refinery  
  87  8:02  Refinery, Missile Turret  
  87  8:04  Siege Tank  
  89  8:07  SCV  
  89  8:08  SCV  
  89  8:09  SCV  
  92  8:19  SCV  
  93  8:20  SCV  
  93  8:21  SCV  
  93  8:25  Missile Turret  
  95  8:31  SCV  
  95  8:32  SCV  
  95  8:34  SCV  
  98  8:36  Refinery, Battlecruiser  
  98  8:40  Refinery  
  104  8:43  SCV  
  104  8:44  SCV  
  104  8:46  SCV  
  107  8:50  Missile Turret  
  107  8:52  Missile Turret, Planetary Fortress  
  107  8:56  SCV x2  
  107  8:58  SCV  
  107  9:02  Orbital Command  
  110  9:07  Command Center  
  105  9:20  Missile Turret  
  105  9:26  Siege Tank  
  108  9:38  Neosteel Armor  
  108  9:40  Orbital Command  
  108  9:44  SCV x2  
  108  9:45  SCV x5, Refinery  
  115  9:50  Missile Turret  
  115  9:56  Missile Turret  
  115  9:57  SCV  
  115  9:58  Siege Tank  
  119  10:09  Command Center, SCV  
  119  10:10  Command Center  
  120  10:14  SCV x2, Missile Turret  
  120  10:15  Command Center, SCV x2  
  120  10:20  Orbital Command  
  124  10:21  SCV  
  125  10:30  Siege Tank  
  125  10:34  Supply Depot  
  127  10:37  Missile Turret  
  127  10:50  Orbital Command  
  127  10:57  Command Center, Refinery, Missile Turret  
  127  11:02  Siege Tank  
  130  11:09  Command Center  
  130  11:24  Missile Turret  
  130  11:25  Command Center  
  130  11:31  Missile Turret  
  130  11:32  SCV  
  131  11:33  SCV x3, Orbital Command  
  131  11:34  Siege Tank  
  131  11:36  Command Center  
  131  11:37  Battlecruiser  
  143  11:40  SCV, Missile Turret  
  143  11:41  Starport  
  143  11:42  Starport  
  144  11:53  SCV  
  145  11:55  SCV x2  
  145  11:56  SCV x3  
  150  12:05  SCV  
  151  12:10  Planetary Fortress  
  151  12:23  Orbital Command  
  151  12:25  Command Center  
  151  12:33  Planetary Fortress  
  151  12:35  Refinery  
  151  12:39  Starport Tech Lab x2  
  151  12:42  Armory  
  151  12:44  Armory  
  151  12:49  Missile Turret x2  
  151  12:53  Battlecruiser  
  155  13:00  SCV  
  155  13:03  Planetary Fortress  
  155  13:05  Refinery  
  156  13:08  Battlecruiser x2  
  156  13:12  SCV  
  169  13:15  SCV x2, Refinery  
  169  13:16  SCV  
  169  13:17  SCV  
  173  13:20  Refinery  
  173  13:27  Refinery  
  173  13:30  SCV  
  173  13:31  Terran Ship Weapons Level 1, Terran Vehicle And Ship Armor Level 1  
  174  13:41  Missile Turret  
  174  13:42  Siege Tank, SCV  
  174  13:44  Command Center  
  178  13:49  SCV  
  178  13:50  Refinery  
  178  13:54  SCV  
  178  13:55  SCV  
  181  13:57  Battlecruiser  
  181  14:00  Starport  
  181  14:01  SCV  
  188  14:05  Missile Turret  
  188  14:07  SCV  
  189  14:12  Battlecruiser  
  189  14:13  SCV  
  189  14:14  Siege Tank  
  199  14:19  Weapon Refit  
  199  14:22  Orbital Command  
  199  14:26  Planetary Fortress  
  199  14:49  Missile Turret x2  
  199  14:50  Missile Turret  
  199  14:53  Missile Turret  
  199  14:54  Orbital Command, Missile Turret x2  
  198  15:07  Refinery  
  197  15:16  Refinery  
  194  15:26  Battlecruiser  
  200  15:31  Starport, Terran Vehicle And Ship Armor Level 2  
  200  15:40  Missile Turret x2  
  200  15:47  Missile Turret x2  
  200  15:51  Starport Tech Lab  
  200  15:58  Missile Turret  
  200  16:00  Missile Turret  
  188  16:18  Battlecruiser x2  
  200  16:25  Planetary Fortress  
  200  16:27  Missile Turret  
  200  16:28  Command Center, Refinery  
  198  16:32  Refinery  
  198  16:36  Missile Turret  
  198  16:38  Missile Turret  
  195  16:42  Battlecruiser  
  195  16:43  Starport Tech Lab  
  194  16:53  Command Center  
  188  17:22  Battlecruiser x2  
  196  17:42  Missile Turret  
  194  17:46  Battlecruiser  
  194  17:47  Missile Turret, Terran Ship Weapons Level 2  
  194  17:48  Missile Turret  
  194  17:50  Missile Turret  
  200  17:52  Missile Turret  
  200  18:06  Planetary Fortress  
  200  18:10  Missile Turret  
  200  18:12  Missile Turret  
  200  18:13  Missile Turret, Planetary Fortress  
  191  18:28  Widow Mine  
  193  18:41  Missile Turret  
  193  18:42  Battlecruiser  
  199  18:51  Missile Turret  
  199  18:52  Missile Turret  
  195  19:02  Refinery  
  188  19:13  Widow Mine  
  188  19:14  Drilling Claws  
  190  19:18  Missile Turret  
  190  19:22  Missile Turret  
  190  19:23  Missile Turret  
  190  19:31  Missile Turret  
  188  19:32  Missile Turret  
  188  19:33  Refinery  
  188  19:34  Widow Mine  
  188  19:36  Battlecruiser  
  196  19:48  Command Center  
  196  19:51  Missile Turret  
  196  19:56  Widow Mine  
  197  20:03  Terran Vehicle Weapons Level 1  
  189  20:12  Battlecruiser  
  189  20:13  Battlecruiser  
  199  20:29  Refinery  
  199  20:30  Refinery  
  199  20:32  Terran Vehicle And Ship Armor Level 3  
  199  20:34  Missile Turret  
  199  20:35  Missile Turret  
  192  21:15  Battlecruiser  
  198  21:20  Missile Turret  
  198  21:22  Command Center  
  192  21:48  Missile Turret  
  192  21:49  Command Center  
  192  21:52  Missile Turret, Planetary Fortress  
  192  21:53  Missile Turret  
  192  21:57  Terran Ship Weapons Level 3  
  193  22:08  Widow Mine, Missile Turret  
  193  22:09  Missile Turret  
  195  22:30  Widow Mine  
  195  22:33  Missile Turret  
  195  22:35  Command Center  
  191  22:44  Planetary Fortress  
  191  22:46  Missile Turret  
  191  22:47  Missile Turret  
  192  22:51  Widow Mine  
  192  23:04  Battlecruiser  
  192  23:05  Refinery, Missile Turret  
  198  23:08  Terran Vehicle Weapons Level 2  
  198  23:12  Widow Mine  
  194  23:34  Widow Mine  
  184  23:37  Battlecruiser x2  
  196  23:44  Refinery  
  196  23:46  Missile Turret x2  
  196  23:59  Missile Turret  
  196  24:15  Missile Turret  
  196  24:17  Command Center  
  196  24:18  Missile Turret  
  196  24:32  Infernal Pre-Igniter  
  196  24:46  Command Center  
  196  24:53  Missile Turret x2  
  196  25:12  Missile Turret  
  196  25:16  Missile Turret  
  194  25:42  Planetary Fortress  
  194  25:51  Widow Mine  
  196  26:02  Missile Turret  
  196  26:05  Missile Turret  
  196  26:12  Widow Mine  
  198  26:21  Missile Turret  
  198  26:26  Missile Turret  
  198  26:33  Widow Mine  
  198  26:37  Planetary Fortress, Missile Turret  
  200  26:45  Terran Infantry Weapons Level 1  
  200  26:54  Missile Turret  
  200  27:14  Command Center  
  200  27:33  Command Center  
  200  27:37  Missile Turret  
  200  27:41  Missile Turret  
  200  27:48  Missile Turret  
  200  28:09  Missile Turret  
  200  28:12  Barracks  
  200  28:14  Missile Turret  
  200  28:15  Refinery  
  200  28:17  Refinery  
  200  28:29  Missile Turret  
  200  28:31  Planetary Fortress  
  200  28:39  Terran Infantry Armor Level 1  
  200  29:09  Missile Turret  
  200  29:25  Missile Turret  
  200  29:30  Missile Turret  
  200  29:49  Command Center  
  200  30:02  Missile Turret  
  199  30:27  Command Center, Missile Turret  
  199  30:29  Missile Turret  
Show
View Real Time Build Order
Export as new Build Order

pHARM Zerg 

Build Orders: Hatch First 

Get SALT Encoding   

  12  0:01  Drone  
  13  0:13  Overlord  
  13  0:24  Drone  
  14  0:31  Drone x2  
  16  0:39  Drone  
  17  1:02  Hatchery, Drone x2  
  18  1:07  Drone  
  19  1:20  Spawning Pool  
  19  1:21  Drone  
  19  1:32  Drone  
  20  1:40  Overlord  
  20  1:45  Extractor  
  19  1:57  Drone  
  20  2:18  Queen  
  20  2:21  Queen  
  20  2:22  Zergling x4  
  26  2:26  Drone  
  26  2:27  Drone x2  
  29  2:36  Drone  
  29  2:56  Drone x4  
  33  3:06  Metabolic Boost  
  33  3:09  Drone x3  
  36  3:24  Overlord, Drone, Hatchery  
  35  3:43  Queen  
  35  3:44  Queen  
  38  4:04  Drone x6  
  43  4:30  Drone  
  44  4:31  Overlord x3  
  44  4:36  Lair  
  44  4:39  Zergling x2  
  44  4:40  Zergling x10  
  49  5:20  Drone x13  
  60  5:36  Extractor x2  
  58  5:45  Drone x3  
  62  6:18  Zergling x8  
  62  6:19  Zergling x18  
  62  6:20  Overlord  
  62  6:24  Extractor  
  73  6:34  Evolution Chamber  
  73  6:38  Roach Warren  
  71  6:41  Evolution Chamber  
  71  6:47  Hydralisk Den  
  71  6:53  Drone x2  
  72  6:56  Overlord x3  
  72  7:09  Baneling Nest  
  72  7:13  Queen x3  
  71  7:15  Spore Crawler  
  71  7:17  Spore Crawler  
  71  7:18  Spore Crawler  
  71  7:20  Spore Crawler  
  59  7:45  Hydralisk  
  59  7:46  Hydralisk x21  
  59  7:48  Queen  
  105  8:05  Zerg Melee Weapons Level 1  
  105  8:06  Zerg Ground Armor Level 1  
  105  8:09  Overlord  
  105  8:10  Overlord x2  
  105  8:26  Drone  
  106  8:27  Queen x2  
  106  8:28  Drone x5  
  106  8:29  Drone x6  
  106  8:30  Drone x2  
  123  8:37  Infestation Pit  
  117  8:57  Grooved Spines  
  117  9:01  Extractor  
  117  9:02  Extractor  
  97  9:35  Zergling x14  
  97  9:36  Zergling x28  
  118  9:40  Queen  
  118  9:41  Queen  
  124  9:47  Hive  
  124  9:51  Spire  
  121  9:53  Drone x3  
  124  10:07  Baneling x10  
  124  10:08  Muscular Augments, Baneling x26  
  124  10:10  Overlord x4  
  124  10:20  Drone  
  125  10:26  Hatchery  
  125  10:27  Zerg Melee Weapons Level 2, Zerg Ground Armor Level 2  
  111  10:48  Centrifical Hooks  
  111  11:08  Greater Spire  
  111  11:35  Drone x3  
  111  11:36  Drone x3  
  117  11:48  Hydralisk x15  
  144  12:25  Corruptor x8  
  144  12:27  Overlord x5  
  144  12:28  Overlord  
  160  12:33  Extractor  
  160  12:34  Extractor  
  160  12:35  Overlord  
  160  12:36  Overlord x3  
  158  13:22  Brood Lord x6  
  158  13:25  Hydralisk x2  
  174  13:28  Zergling x34  
  174  13:29  Zergling x10  
  196  13:48  Zerg Flyer Armor Level 1  
  184  14:40  Drone x2  
  184  14:41  Drone x14  
  200  14:59  Zerg Ground Armor Level 3, Zerg Melee Weapons Level 3  
  200  15:01  Adrenal Glands  
  200  15:43  Spore Crawler  
  200  15:46  Spore Crawler  
  200  15:47  Spore Crawler  
  200  15:49  Spore Crawler  
  171  16:51  Corruptor x15  
  189  17:10  Corruptor x5  
  172  17:48  Corruptor x9  
  186  17:59  Hatchery  
  183  18:13  Hydralisk x5  
  183  18:14  Hydralisk  
  195  18:21  Brood Lord  
  195  18:32  Extractor  
  167  19:32  Corruptor  
  167  19:33  Corruptor x8  
  173  19:40  Lair  
  173  19:41  Lair  
  120  20:49  Corruptor x14  
  125  21:07  Corruptor  
  111  21:32  Hatchery  
  108  22:05  Hatchery  
  103  22:38  Corruptor x3  
  93  24:36  Zerg Flyer Armor Level 2  
  93  25:02  Extractor  
  93  25:05  Extractor  
  93  25:06  Hatchery  
  74  25:39  Corruptor x3  
  76  26:21  Hatchery  
  75  26:50  Drone x13  
  74  27:19  Corruptor  
  74  27:20  Corruptor x4  
  68  27:48  Extractor  
  68  27:50  Extractor  
  62  29:42  Drone x8  
  62  29:43  Drone  
  71  29:53  Hatchery  
  70  30:13  Zergling x8  
  70  30:14  Zergling x4  
Tags
 
Add a new tag
Caveats
  • Supply blocks, unpowered buildings, or Contaminate may cause inaccurate times.
  • Supply counts are checked every 10 seconds.